 Dungeon Crawl Stone Soup version 0.24-a0-443-g80245de385 (webtiles) character file.

Game seed: 14403479341961615408

1275 HAL9000 the Fighter (level 8, -8/80 HPs)
             Began as a Pale Draconian Transmuter on June 21, 2019.
             Was a Believer of Ru.
             Mangled by a cyan ugly thing (14 damage)
             ... on level 9 of the Dungeon.
             The game lasted 00:20:35 (10532 turns).

HAL9000 the Fighter (Pale Draconian Transmuter)    Turns: 10532, Time: 00:20:36

Health: -8/80      AC:  8    Str: 14    XL:     8   Next: 28%
Magic:  6/11       EV: 12    Int: 14    God:    Ru [**....]
Gold:   486        SH:  0    Dex: 13    Spells: 0/11 levels left

rFire    . . .     SeeInvis .     - Unarmed
rCold    . . .     Gourm    .   (shield currently unavailable)
rNeg     . . .     Faith    .   (armour unavailable)
rPois    .         Spirit   .   (helmet restricted)
rElec    .         Reflect  .   p - +0 cloak
rCorr    .         Harm     .   (gloves currently unavailable)
MR       .....                  i - +0 pair of boots
Stlth    +.........             (no amulet)
HPRegen  0.23/turn              (no ring)
MPRegen  0.12/turn              (no ring)

@: blade hands
A: breathe steam, unfitting armour, cold-blooded, inexperienced 1, AC +6
a: Breathe Steam, End Transformation, Renounce Religion


You were on level 9 of the Dungeon.
You worshipped Ru.
Ru was pleased with you.
You were not hungry.
You had blades for hands.
You visited 2 branches of the dungeon, and saw 10 of its levels.

You collected 486 gold pieces.

Inventory:

Missiles
 a - 61 arrows
 o - 7 boomerangs (quivered)
 w - 4 curare-tipped darts
Armour
 d - a +0 pair of gloves (melded)
 i - a +0 pair of boots (worn)
 k - a +0 shield
 p - a +0 cloak (worn)
Magical Staves
 B - an uncursed staff of wizardry (melded)
Jewellery
 q - an uncursed ring of ice
Wands
 v - a wand of iceblast (15)
 y - a wand of digging (3)
 C - a wand of acid (9)
 G - a wand of polymorph (3)
Scrolls
 b - 6 scrolls of blinking {unknown}
 g - a scroll of amnesia
 h - 7 scrolls of remove curse
 m - a scroll of immolation
 n - 2 scrolls of enchant weapon
 r - 6 scrolls of teleportation {unknown}
 t - a scroll of fog {unknown}
 u - 2 scrolls of magic mapping {unknown}
 z - 2 scrolls of enchant armour {unknown}
 D - a scroll of identify
Potions
 e - 3 potions of flight
 f - 3 potions of might
 j - 2 potions of berserk rage
 l - 2 potions of agility
 s - 2 potions of mutation
 x - a potion of haste {unknown}
 A - 3 potions of curing
 E - a potion of heal wounds {unknown}
Comestibles
 c - 11 rations


   Skills:
 + Level 10.3 Fighting
 - Level 1.7 Dodging
 - Level 7.4 Unarmed Combat
 - Level 2.0 Spellcasting
 - Level 9.0 Transmutations


You couldn't memorise any spells.
You knew the following spells:

 Your Spells              Type           Power        Failure   Level  Hunger
a - Beastly Appendage     Tmut           ####..       12%         1    ##.....
b - Sticks to Snakes      Tmut           ####....     14%         2    ###....
c - Spider Form           Tmut/Pois      ##........   47%         3    ####...
d - Blade Hands           Tmut           ####......   56%         5    ######.

Your spell library contained the following spells:

 Spells                   Type           Power        Failure   Level  Hunger
 Magic Dart               Conj           #...         67%         1    ##.....
 Blink                    Tloc           N/A          77%         2    ###....
 Call Imp                 Summ           #.......     77%         2    ###....
 Slow                     Hex            #.......     77%         2    ###....
 Ice Form                 Ice/Tmut       ##......     78%         4    #####..
 Conjure Flame            Conj/Fire      #.......     90%         3    ####...
 Mephitic Cloud           Conj/Pois/Air  #.......     90%         3    ####...


Dungeon Overview and Level Annotations

Branches:
Dungeon (9/15)             Temple (1/1) D:5
   Lair: D:8-11         Orc: D:9-12

Altars:
Ashenzari
Cheibriados
Dithmenos
Elyvilon
Fedhas
Gozag
Hepliaklqana
Kikubaaqudgha
Makhleb
Nemelex Xobeh
Okawaru
Qazlal
Ru
Sif Muna
Trog
Uskayaw
Vehumet
Wu Jian
Xom
Yredelemnul
Zin
The Shining One


Innate Abilities, Weirdness & Mutations

You can breathe blasts of scalding, opaque steam.
Your pale cyan-grey scales are hard. (AC +6)
You cannot fit into any form of body armour.
You are cold-blooded and may be slowed by cold attacks.
You are somewhat inexperienced. (-2 XL)


Message History

You tail-slap the cyan ugly thing, but do no damage.
You slash the cyan ugly thing!
The cyan ugly thing is lightly wounded.
The cyan ugly thing trunk-slaps you but does no damage.
You slice the cyan ugly thing!!
The cyan ugly thing is heavily wounded.
The cyan ugly thing trunk-slaps you! The cyan ugly thing shocks you!
You hit the cyan ugly thing. You tail-slap the cyan ugly thing.
The cyan ugly thing is heavily wounded.
The cyan ugly thing trunk-slaps you! The cyan ugly thing shocks you!
You slice the cyan ugly thing!!
The cyan ugly thing is almost dead.
The cyan ugly thing trunk-slaps you. The cyan ugly thing shocks you!
* * * LOW HITPOINT WARNING * * *
You barely miss the cyan ugly thing.
The cyan ugly thing is almost dead.
The cyan ugly thing trunk-slaps you.
* * * LOW HITPOINT WARNING * * *
The cyan ugly thing shocks you!
You die...

....... ######'##### ####
.......###..........# #...
.......l.#..........# #...
...u...#.#..........# #...
...l...#.#..........#######...
.......#u#..........)(...##...
..?....#.#..........####..#...
......?#.#.........(# ##.....
.......#.'..u@......# ###...
.......###..........# #...
#..........# #... #..........#
#... ############ #... ####


You could see a cyan ugly thing.

Vanquished Creatures
  A hippogriff (D:7)
  Sigmund (D:5)
  4 yaks (D:9)
  Duvessa (D:5)
  3 orc warriors
  An ice beast (D:7)
  A sky beast (D:9)
  3 ogres
  A big kobold (D:9)
  5 bullfrogs
  5 scorpions
  Dowan (D:5)
  5 killer bees (D:8)
  4 wights (D:7)
  2 howler monkeys
  2 crimson imps
  2 bullfrog zombies
  3 hounds
  3 orc priests
  2 centaur skeletons
  2 iguanas
  7 orc wizards
  6 worker ants
  A hound zombie (D:6)
  A hound skeleton (D:5)
  9 adders
  2 river rats (D:3)
  2 shadow imps
  An ooze (D:3)
  An adder skeleton (D:6)
  2 worms (D:3)
  3 dart slugs
  4 leopard geckos
  24 orcs
  15 bats
  5 giant cockroaches
  10 goblins
  9 hobgoblins
  19 jackals
  7 kobolds
  2 quokkas
  A ball python (D:2)
  6 frilled lizards
  2 gnoll zombies (D:3)
  A leopard gecko skeleton (D:4)
  A leopard gecko zombie (D:7)
  3 quokka skeletons
  A quokka zombie (D:6)
  12 rats
209 creatures vanquished.

Vanquished Creatures (collateral kills)
  Grinder (D:4)
  A howler monkey (D:5)
  A worker ant (D:5)
  A worm (D:2)
  An orc (D:9)
5 creatures vanquished.

Grand Total: 214 creatures vanquished

Notes
Turn   | Place    | Note
-------+----------+-------------------------------------------
     0 | D:1      | HAL9000 the Draconian Transmuter began the quest for the
                  | Orb.
     0 | D:1      | Reached XP level 1. HP: 16/16 MP: 3/3
   393 | D:1      | Reached XP level 2. HP: 23/23 MP: 5/5
   597 | D:1      | Reached XP level 3. HP: 28/28 MP: 4/6
  1060 | D:2      | Found a shimmering altar of Xom.
  1060 | D:2      | Found an ancient bone altar of Kikubaaqudgha.
  1375 | D:2      | Reached XP level 4. HP: 32/35 MP: 5/7
  1385 | D:2      | Learned a level 2 spell: Sticks to Snakes
  1389 | D:2      | Learned a level 3 spell: Spider Form
  1483 | D:2      | Reached skill level 5 in Unarmed Combat
  2504 | D:3      | Found a glowing drain.
  2551 | D:3      | Reached XP level 5. HP: 30/40 MP: 8/8
  3049 | D:3      | Found a basalt altar of Yredelemnul.
  3496 | D:4      | Noticed Grinder
  3517 | D:4      | Killed Grinder
  3517 | D:4      | Reached XP level 6. HP: 23/47 MP: 1/9
  4518 | D:5      | Entered Level 5 of the Dungeon
  4581 | D:5      | Found a stormy altar of Qazlal.
  4591 | D:5      | Noticed Sigmund
  4602 | D:5      | Killed Sigmund
  4602 | D:5      | Your scales start taking on a pale cyan-grey colour.
  4602 | D:5      | Reached XP level 7. HP: 52/52 MP: 2/10
  4665 | D:5      | Noticed Dowan
  4676 | D:5      | Noticed Duvessa
  4679 | D:5      | Killed Dowan
  4960 | D:5      | Reached skill level 5 in Transmutations
  5072 | D:5      | Killed Duvessa
  5468 | D:5      | Found a staircase to the Ecumenical Temple.
  5486 | Temple   | Entered the Ecumenical Temple
  5644 | Temple   | Became a worshipper of Ru the Awakened
  5894 | D:5      | Reached XP level 8. HP: 43/59 MP: 11/11
  6475 | D:6      | Learned a level 5 spell: Blade Hands
  8133 | D:7      | Noticed a hippogriff
  8148 | D:7      | Killed a hippogriff
  8148 | D:7      | Reached skill level 3 in Fighting
  8326 | D:7      | Reached skill level 4 in Fighting
  8365 | D:7      | Reached XP level 9. HP: 71/71 MP: 6/12
  8395 | D:7      | Found a blossoming altar of Fedhas.
  8532 | D:7      | Reached skill level 5 in Fighting
  8718 | D:7      | Found a glowing golden altar of the Shining One.
  9010 | D:8      | Reached skill level 6 in Fighting
  9097 | D:8      | Reached skill level 7 in Fighting
  9706 | D:9      | Reached skill level 8 in Fighting
  9764 | D:9      | Reached skill level 9 in Fighting
  9934 | D:9      | Reached skill level 10 in Fighting
  9973 | D:9      | Gained mutation: You are somewhat inexperienced. (-2 XL)
                  | [Ru sacrifice]
  9973 | D:9      | Reached XP level 8. HP: 79/79 MP: 11/11
  9973 | D:9      | Reached XP level 7. HP: 72/72 MP: 10/10
  9973 | D:9      | Reached * piety under Ru
  9973 | D:9      | Reached ** piety under Ru
  9983 | D:9      | Reached XP level 8. HP: 70/79 MP: 5/11
  9984 | D:9      | Noticed a cyan ugly thing
 10460 | D:9      | Found an ornate altar of the Wu Jian Council.
 10532 | D:9      | Mangled by a cyan ugly thing

Levels and vault maps discovered:
D:1:      zaba_arrival_water, layout_loops_ring
D:2:      layout_loops_cross, grunt_temple_overflow_open,
          ebering_dispersal_statue_hall, patterned_corridor
D:3:      layout_loops_corners, lemuel_zombie_altar_yredelemnul,
          portal_sewer_entry_c
D:4:      layout_loops_corners, uniq_grinder
D:5:      layout_basic, kennysheep_mini, temple_pool_b, first_ration,
          uniq_duvessa, uniq_sigmund
D:6:      layout_loops_ring
D:7:      layout_loops_ring, lemuel_doored_altar, basic_altar
D:8:      layout_gridville
D:9:      layout_roguey, kennysheep_little_box
Temple:   eino_temple_rhombus

Skill      XL: |  1  2  3  4  5  6  7  8  9 |
---------------+----------------------------+-----
Unarmed Combat | 4 5 7 |  7.4
Transmutations | 4 6 9 |  9.0
Fighting       | 4 10 | 10.3
Dodging        | |  1.7
Spellcasting   | |  2.0

Action                   |  1- 3 |  4- 6 |  7- 9 || total
-------------------------+-------+-------+-------++-------
Melee: Unarmed           |   114 |   233 |   312 ||   659
       Kick              |     8 |     2 |       ||    10
       Tailslap          |     5 |    22 |    34 ||    61
       Headbutt          |     1 |    12 |     1 ||    14
       Punch             |       |     8 |     6 ||    14
       Staff             |       |       |    22 ||    22
 Cast: Beastly Appendage |    20 |    15 |     3 ||    38
       Sticks to Snakes  |       |    12 |    14 ||    26
       Spider Form       |       |     1 |    13 ||    14
       Blade Hands       |       |       |    20 ||    20
Invok: Sacrifice Experie |       |       |     1 ||     1
 Abil: Breathe Steam     |       |       |     4 ||     4
       End Transformatio |       |       |     1 ||     1
Evoke: Wand              |       |       |     2 ||     2
  Use: Scroll            |       |       |    10 ||    10
 Stab: Sleeping          |       |     1 |     1 ||     2
       Invisible         |       |       |     1 ||     1
  Eat: Chunk             |     2 |     8 |    30 ||    40
       Ration            |       |     1 |       ||     1
Armor: Skin              |    56 |    83 |    83 ||   222
Dodge: Dodged            |    82 |   131 |   209 ||   422

Table legend:
 A = Non-vault XP
 B = Vault XP
 C = Vault XP percentage of total XP
 D = Non-vault monster count
 E = Vault monster count
 F = Vault count percentage of total count
                 A         B        C        D         E       F
            +---------+---------+-------+---------+---------+-------
      Total |    5198 |     627 |  10.8 |     203 |      11 |   5.1
            +---------+---------+-------+---------+---------+-------
        D:1 |      55 |       0 |   0.0 |      32 |       0 |   0.0
        D:2 |      90 |       0 |   0.0 |      27 |       0 |   0.0
        D:3 |      66 |      45 |  40.5 |      28 |       7 |  20.0
        D:4 |     195 |     216 |  52.6 |       8 |       1 |  11.1
        D:5 |     612 |     366 |  37.4 |      21 |       3 |  12.5
        D:6 |     645 |       0 |   0.0 |      24 |       0 |   0.0
        D:7 |     957 |       0 |   0.0 |      20 |       0 |   0.0
        D:8 |     738 |       0 |   0.0 |      10 |       0 |   0.0
        D:9 |    1840 |       0 |   0.0 |      33 |       0 |   0.0
            +---------+---------+-------+---------+---------+-------
